 Dungeon Crawl Stone Soup version 0.19.1 (webtiles) character file.

3294 StormySan the Cleaver (level 9, -8/82 HPs)
             Began as a Minotaur Fighter on Dec 11, 2016.
             Was a Believer of Makhleb.
             Mangled by an orc warrior
             ... wielding a +0 trident
              (9 damage)
             ... in a bailey.
             The game lasted 00:16:36 (6177 turns).

StormySan the Cleaver (Minotaur Fighter)            Turns: 6177, Time: 00:16:37

Health: -8/82      AC: 10    Str: 24    XL:     9   Next: 69%
Magic:  8/8        EV:  9    Int: 10    God:    Makhleb [**....]
Gold:   435        SH: 11    Dex: 10    Spells: 0 memorised, 8 levels left

rFire  . . .     SeeInvis .     a - +0 war axe
rCold  + . .     Gourm    .     E - +2 ring mail {rC+}
rNeg   . . .     Faith    .     c - +0 shield
rPois  .         Spirit   .     (helmet restricted)
rElec  .         Reflect  .     (no cloak)
rCorr  .         Harm     .     (no gloves)
MR     .....                    z - +0 pair of boots
Stlth  ..........               (no amulet)
                                (no ring)
                                o - +5 ring of intelligence

@: no status effects
A: retaliatory headbutt, horns 2
a: Minor Destruction, Renounce Religion


You were in a bailey.
You worshipped Makhleb.
Makhleb was pleased with you.
You were not hungry.

You visited 2 branches of the dungeon, and saw 8 of its levels.
You also visited: Bailey.

You collected 435 gold pieces.

Inventory:

Hand Weapons
 a - a +0 war axe (weapon)
Armour
 c - a +0 shield (worn)
 z - a +0 pair of boots (worn)
 E - a +2 ring mail of cold resistance (worn)
Jewellery
 o - a +5 ring of intelligence (left hand)
Wands
 n - a wand of digging (12/24)
 H - a wand of paralysis (9/24)
 J - a wand of slowing (8/48)
 K - a wand of iceblast (8/15)
 L - a wand of polymorph (6/24)
Scrolls
 e - a scroll of fear {unknown}
 g - 4 scrolls of enchant weapon {unknown}
 h - 6 scrolls of identify {unknown}
 i - 2 scrolls of remove curse {unknown}
 r - a scroll of fog {unknown}
 u - a scroll of magic mapping {unknown}
 x - 2 scrolls of blinking {unknown}
 y - 3 scrolls of teleportation {unknown}
 B - a scroll of recharging {unknown}
 F - a scroll of enchant armour {unknown}
 G - a scroll of noise {unknown}
Potions
 b - 3 potions of heal wounds {unknown}
 d - a potion of might
 j - 5 potions of curing
 k - 2 potions of ambrosia {unknown}
 l - 2 potions of haste {unknown}
 p - 3 potions of brilliance {unknown}
 q - a potion of resistance
 t - a potion of mutation {unknown}
 v - 2 potions of agility {unknown}
 w - a potion of lignification {unknown}
 D - a potion of degeneration {unknown}
 I - a potion of flight {unknown}
Books
 A - a book of Fire

   Spells                             Type                      Level
   a - Ignite Poison                  Fire/Transmutation/Poison    3
   b - Fireball                       Conjuration/Fire             5
   c - Bolt of Fire                   Conjuration/Fire             6
   d - Delayed Fireball               Conjuration/Fire             7
   e - Ring of Flames                 Charms/Fire                  7
Comestibles
 f - 6 bread rations
 m - 3 meat rations
 s - a beef jerky
 C - 2 chunks of flesh


   Skills:
 + Level 8.4 Fighting
 * Level 10.3 Axes
 + Level 8.0 Armour
 + Level 8.6 Shields


You had 8 spell levels left.
You didn't know any spells.

Dungeon Overview and Level Annotations

Branches:
Dungeon (7/15)             Temple (1/1) D:4

Altars:
Ashenzari
Cheibriados
Dithmenos
Elyvilon
Fedhas
Makhleb
Nemelex Xobeh
Okawaru
Ru
Sif Muna
Uskayaw
Xom
Zin
The Shining One


Innate Abilities, Weirdness & Mutations

You reflexively headbutt those who attack you in melee.
You have a pair of horns on your head.


Message History

* * * LOW HITPOINT WARNING * * *
The orc hits you from afar with a spear.
* * * LOW HITPOINT WARNING * * *
There is an open door, spattered with blood here.
You hit the orc warrior.
The orc warrior is lightly wounded.
You closely miss the orc warrior. You hit the orc warrior.
You block the orc warrior's attack. The orc warrior closely misses you.
You block the orc's attack. The orc closely misses you.
You block the orc warrior's attack.
The orc hits you from afar with a spear.
* * * LOW HITPOINT WARNING * * *
Unknown command.
You slash the orc warrior! Your headbutt misses the orc warrior.
The orc warrior is heavily wounded.
You completely miss the orc warrior. You closely miss the orc warrior.
You block the orc's attack.
The orc warrior hits you but does no damage.
The orc warrior hits you with a trident!
You die...

########### ######
.∩........## ##.....##
...........######.......#
...........#....#oo.....+
...........'....@oo.....+
.))).......#....#oo.....+
.))).......######o......#
.∩))).....## ##.....##
########### ######


You could see 3 orc warriors and 4 orcs.

Vanquished Creatures
  Prince Ribbit (D:5)
  A hippogriff (D:5)
  Grinder (D:3)
  Duvessa (D:4)
  An orc warrior (Bailey)
  5 ogres
  A phantom (D:7)
  A centaur (D:6)
  Blork the orc (D:5)
  4 bullfrogs (D:6)
  Dowan (D:4)
  A wyvern skeleton (D:7)
  2 scorpions
  6 killer bees (D:7)
  3 howler monkeys (D:7)
  A crimson imp (D:5)
  A bullfrog zombie (D:6)
  A jelly (D:6)
  4 hounds
  Crazy Yiuf (D:6)
  A centaur skeleton (D:4)
  5 orc priests
  6 orc wizards
  3 bullfrog skeletons
  Ijyb (D:2)
  6 worker ants
  4 gnolls
  6 adders
  An ooze (D:4)
  2 worms
  5 leopard geckos
  31 orcs
  7 giant cockroaches
  6 goblins
  3 hobgoblins
  3 jackals (D:1)
  7 quokkas
  8 bats
  3 frilled lizards
  6 kobolds
  5 rats
157 creatures vanquished.

Notes
Turn   | Place    | Note
-------+----------+-------------------------------------------
     0 | D:1      | StormySan the Minotaur Fighter began the quest for the Orb.
     0 | D:1      | Reached XP level 1. HP: 19/19 MP: 0/0
    38 | D:1      | Reached XP level 2. HP: 23/27 MP: 1/1
   422 | D:1      | Reached XP level 3. HP: 33/33 MP: 2/2
   704 | D:2      | Noticed Ijyb
   727 | D:2      | Killed Ijyb
   727 | D:2      | Reached skill level 3 in Axes
   972 | D:2      | Reached XP level 4. HP: 40/40 MP: 3/3
  1520 | D:3      | Noticed Grinder
  1531 | D:3      | Killed Grinder
  1531 | D:3      | Reached skill level 5 in Fighting
  1531 | D:3      | Reached skill level 4 in Axes
  1531 | D:3      | Reached skill level 5 in Shields
  1531 | D:3      | Reached XP level 5. HP: 16/48 MP: 4/4
  1531 | D:3      | Reached XP level 6. HP: 19/56 MP: 5/5
  1896 | D:3      | Reached skill level 5 in Axes
  1947 | D:3      | Found a snail-covered altar of Cheibriados.
  2174 | D:3      | Reached skill level 5 in Armour
  2662 | D:4      | Noticed Duvessa
  2662 | D:4      | Noticed Dowan
  2670 | D:4      | Killed Duvessa
  2670 | D:4      | Reached skill level 6 in Axes
  2670 | D:4      | Reached XP level 7. HP: 46/61 MP: 6/6
  2672 | D:4      | Killed Dowan
  2814 | D:4      | Found a staircase to the Ecumenical Temple.
  2855 | Temple   | Entered the Ecumenical Temple
  2906 | Temple   | Became a worshipper of Makhleb the Destroyer
  3142 | D:5      | Entered Level 5 of the Dungeon
  3372 | D:5      | Reached skill level 7 in Axes
  3416 | D:5      | Noticed a hippogriff
  3425 | D:5      | Killed a hippogriff
  3425 | D:5      | Reached XP level 8. HP: 39/71 MP: 7/7
  3592 | D:5      | Noticed Blork the orc
  3606 | D:5      | Killed Blork the orc
  4067 | D:6      | Noticed Prince Ribbit
  4092 | D:5      | HP: 1/71 [Prince Ribbit (6)]
  4100 | D:5      | Killed Prince Ribbit
  4100 | D:5      | Reached skill level 8 in Axes
  4683 | D:6      | Reached * piety under Makhleb
  4907 | D:6      | Reached XP level 9. HP: 77/79 MP: 8/8
  4918 | D:6      | Reached skill level 9 in Axes
  5553 | D:6      | Found a runed door.
  5557 | D:6      | Noticed Crazy Yiuf
  5568 | D:6      | Killed Crazy Yiuf
  5656 | D:7      | Reached ** piety under Makhleb
  5661 | D:7      | Reached skill level 10 in Axes
  5796 | D:7      | Found a flagged portal.
  5824 | Bailey   | Entered a bailey
  6175 | Bailey   | HP: 2/82 [orc/halberd (3)]
  6177 | Bailey   | Mangled by an orc warrior

Skill      XL: |  1  2  3  4  5  6  7  8  9 |
---------------+----------------------------+-----
Shields        | 4 5 6 7 8 |  8.6
Fighting       | 4 5 6 7 8 |  8.4
Axes           | 3 4 6 7 8 10 | 10.3
Armour         | 4 5 6 7 8 |  8.0

Action                   |  1- 3 |  4- 6 |  7- 9 || total
-------------------------+-------+-------+-------++-------
Melee: War axe           |    71 |   120 |   310 ||   501
       Headbutt          |    12 |    16 |    50 ||    78
  Use: Potion            |       |     3 |     1 ||     4
 Stab: Distracted        |       |       |     1 ||     1
  Eat: Chunk             |       |     6 |    10 ||    16
       Fruit             |       |       |     2 ||     2
Armor: Scale mail        |    33 |    68 |    26 ||   127
       Ring mail         |       |       |    83 ||    83
       Skin              |       |       |     3 ||     3
Dodge: Dodged            |    21 |    35 |   113 ||   169
Block: Shield            |    34 |    91 |   218 ||   343
